HSSL
OCEANSIDE HS PIRATES @ BROOKLINE HS WARRIORS
04/04/2028
 
TOP OF THE 1ST
Oceanside HS Pirates batting - Pitching for Brookline HS Warriors : RHP Will Madden
Pitching: RHP Will Madden
Batting: RHB Pancho Rodríguez 0-0: Ball
1-0: SINGLE (Groundball, 56D)
Batting: LHB Dylan Savill 0-0: Called Strike
Pancho Rodríguez steals 2nd base
0-1: Swinging Strike
0-2: Strikes out swinging
Batting: LHB Ron Young 0-0: Ball
1-0: Ball
2-0: Swinging Strike
2-1: Ball
3-1: Foul Ball, location: 2F
3-2: Strikes out swinging
Batting: LHB Otis Campbell 0-0: Foul Ball, location: 2F
0-1: Ball
1-1: Swinging Strike
1-2: Ball
2-2: Foul Ball, location: 2F
2-2: Fly out, F3 (Popup, 34)
Top of the 1st over - 0 run(s), 1 hit(s), 0 error(s), 1 left on base; Oceanside HS 0 - Brookline HS 0
BOTTOM OF THE 1ST
Brookline HS Warriors batting - Pitching for Oceanside HS Pirates : RHP Bob Robinson
Pitching: RHP Bob Robinson
Batting: RHB Gilbert Bentley 0-0: Called Strike
0-1: Ball
1-1: Ball
2-1: SOLO HOME RUN (Flyball, 7D), Distance : 391 ft
Batting: RHB Travis Kramer 0-0: Ball
1-0: Bunt missed!
1-1: Foul Ball, location: 2F
1-2: Ball
2-2: Foul Ball, location: 2F
2-2: Foul Ball, location: 2F
2-2: Ball
3-2: SINGLE (Groundball, 6D)
Batting: RHB Raúl Rivera 0-0: Swinging Strike
0-1: Ball
1-1: Foul Ball, location: 2F
1-2: Foul Ball, location: 2F
1-2: Foul Ball, location: 2F
1-2: Foul Ball, location: 2F
1-2: Ball
2-2: Foul Ball, location: 2F
2-2: Foul Ball, location: 2F
2-2: Ball
3-2: Base on Balls
Travis Kramer to second
Batting: RHB John Warren 0-0: Ball
1-0: Swinging Strike
1-1: Foul Ball, location: 2F
1-2: Strikes out swinging
Batting: RHB León Colón 0-0: Ball
1-0: Foul Ball, location: 2F
1-1: Foul Ball, location: 2F
1-2: Ball
2-2: Foul Ball, location: 2F
2-2: Foul Ball, location: 2F
2-2: SINGLE (Groundball, 56D)
Travis Kramer to third
Raúl Rivera to second
Batting: RHB Ed Vega 0-0: Ball
1-0: Foul Ball, location: 2F
1-1: Swinging Strike
1-2: Foul Ball, location: 2F
1-2: Foul Ball, location: 2F
1-2: Foul Ball, location: 2F
1-2: Ball
2-2: Foul Ball, location: 2F
2-2: Ball
3-2: Fly out, F9 (Flyball, 9S)
Batting: LHB Lou Robinson 0-0: Ball
1-0: Swinging Strike
1-1: Called Strike
1-2: Ball
2-2: Foul Ball, location: 2F
2-2: SINGLE (Groundball, 4MS) (infield hit)
Travis Kramer scores
Raúl Rivera to third
León Colón to second
Batting: RHB Cole Gray 0-0: Hit by Pitch
Raúl Rivera scores
León Colón to third
Lou Robinson to second
Batting: LHB Bailey Mrazek 0-0: Ball
1-0: Foul Ball, location: 2F
1-1: Ball
2-1: Called Strike
2-2: Ball
3-2: Fly out, F9 (Flyball, 89M)
Bottom of the 1st over - 3 run(s), 4 hit(s), 0 error(s), 3 left on base; Oceanside HS 0 - Brookline HS 3
TOP OF THE 2ND
Oceanside HS Pirates batting - Pitching for Brookline HS Warriors : RHP Will Madden
Batting: RHB Heath Jones 0-0: Ball
1-0: Fly out, F8 (Flyball, 8RS)
Batting: RHB Charles Collins 0-0: Called Strike
0-1: Ball
1-1: Ground out 5-3 (Groundball, 56)
Batting: RHB Sergio Arboledo 0-0: Ball
1-0: Foul Ball, location: 2F
1-1: Ball
2-1: Called Strike
2-2: SINGLE (Groundball, 34D)
Batting: RHB Ben Williams 0-0: Called Strike
0-1: Fly out, F3 (Line Drive, 3)
Top of the 2nd over - 0 run(s), 1 hit(s), 0 error(s), 1 left on base; Oceanside HS 0 - Brookline HS 3
BOTTOM OF THE 2ND
Brookline HS Warriors batting - Pitching for Oceanside HS Pirates : RHP Bob Robinson
Batting: RHB Gilbert Bentley 0-0: Called Strike
0-1: Ball
1-1: Ball
2-1: Ball
3-1: Base on Balls
Batting: RHB Travis Kramer 0-0: Ball
1-0: SINGLE (Flyball, 7S)
Gilbert Bentley to second
Batting: RHB Raúl Rivera 0-0: Ball
1-0: Foul Ball, location: 2F
1-1: Ball
2-1: Ball
3-1: Base on Balls
Gilbert Bentley to third
Travis Kramer to second
Batting: RHB John Warren 0-0: Foul Ball, location: 2F
0-1: Ball
1-1: Called Strike
1-2: Strikes out swinging
Batting: RHB León Colón 0-0: Called Strike
0-1: Ball
1-1: GRAND SLAM HOME RUN (Flyball, 78XD), Distance : 431 ft
Pitching: RHP Mark Williams
Batting: RHB Ed Vega 0-0: Called Strike
0-1: Ball
1-1: Called Strike
1-2: Ball
2-2: Foul Ball, location: 2F
2-2: Ball
3-2: Hit by Pitch
Batting: LHB Lou Robinson 0-0: Ball
1-0: Ball
2-0: Called Strike
2-1: SINGLE (Flyball, 3D)
Ed Vega to second
Runner from 2nd tries for 3rd, SAFE, throw made to third
Batting: RHB Cole Gray 0-0: Foul Ball, location: 2F
0-1: Ball
1-1: Ball
2-1: Foul Ball, location: 2F
2-2: Ball
3-2: Base on Balls
Lou Robinson to second
Batting: LHB Bailey Mrazek 0-0: Ball
1-0: Called Strike
1-1: Ball
2-1: Ball
3-1: Fly out, F8 (Flyball, 89M)
Runner from 3rd tags up, SCORES, throw made
Batting: RHB Gilbert Bentley 0-0: Called Strike
0-1: Foul Ball, location: 2F
0-2: Ball
1-2: Foul Ball, location: 2F
1-2: SINGLE (Line Drive, 6M)
Lou Robinson to third
Cole Gray to second
Runner from 3rd tries for Home, SAFE, no throw
Batting: RHB Travis Kramer 0-0: Called Strike
0-1: Called Strike
0-2: Ball
1-2: Strikes out swinging
Bottom of the 2nd over - 6 run(s), 4 hit(s), 0 error(s), 2 left on base; Oceanside HS 0 - Brookline HS 9
TOP OF THE 3RD
Oceanside HS Pirates batting - Pitching for Brookline HS Warriors : RHP Will Madden
Batting: RHB Howard Brown 0-0: Ball
1-0: Called Strike
1-1: Called Strike
1-2: Ball
2-2: Ball
3-2: SINGLE (Groundball, 56D)
Batting: RHB Pancho Rodríguez 0-0: Called Strike
0-1: Ball
1-1: Foul Ball, location: 2F
1-2: Strikes out looking
Batting: LHB Dylan Savill 0-0: Reached on error, E4 (Groundball, 4)
Howard Brown to second
Batting: LHB Ron Young 0-0: Ball
1-0: Ball
2-0: Foul Ball, location: 2F
2-1: Foul Ball, location: 2F
2-2: Foul Ball, location: 2F
2-2: SINGLE (Groundball, 6D)
Howard Brown to third
Dylan Savill to second
Batting: LHB Otis Campbell 0-0: Ball
1-0: Called Strike
1-1: Ball
2-1: Called Strike
2-2: Ball
3-2: Strikes out swinging
Batting: RHB Heath Jones 0-0: Foul Ball, location: 2F
0-1: Foul Ball, location: 2F
0-2: Ball
1-2: Foul Ball, location: 2F
1-2: Ball
2-2: Fly out, F4 (Line Drive, 4)
Top of the 3rd over - 0 run(s), 2 hit(s), 1 error(s), 3 left on base; Oceanside HS 0 - Brookline HS 9
BOTTOM OF THE 3RD
Brookline HS Warriors batting - Pitching for Oceanside HS Pirates : RHP Mark Williams
Batting: RHB Raúl Rivera 0-0: Called Strike
0-1: Ball
1-1: Called Strike
1-2: SINGLE (Line Drive, 9S)
Batting: RHB John Warren 0-0: Ball
1-0: Ball
2-0: SINGLE (Line Drive, 4MD)
Raúl Rivera to second
Batting: RHB León Colón 0-0: Fly out, F9 (Flyball, 9)
Batting: RHB Ed Vega 0-0: Ball
1-0: Called Strike
1-1: Ball
2-1: Ball
3-1: Base on Balls
Raúl Rivera to third
John Warren to second
Batting: LHB Lou Robinson 0-0: GRAND SLAM HOME RUN (Flyball, 89XD), Distance : 436 ft
Pitching: RHP John Belcher
Batting: RHB Cole Gray 0-0: Ball
1-0: Foul Ball, location: 2F
1-1: Foul Ball, location: 2F
1-2: Ball
2-2: SINGLE (Groundball, 4MD)
Batting: LHB Bailey Mrazek 0-0: Called Strike
0-1: Called Strike
0-2: Ball
1-2: Strikes out swinging
Batting: RHB Gilbert Bentley 0-0: Swinging Strike
0-1: Foul Ball, location: 2F
0-2: Strikes out swinging
Bottom of the 3rd over - 4 run(s), 4 hit(s), 0 error(s), 1 left on base; Oceanside HS 0 - Brookline HS 13
TOP OF THE 4TH
Oceanside HS Pirates batting - Pitching for Brookline HS Warriors : RHP Will Madden
Batting: RHB Charles Collins 0-0: Foul Ball, location: 2F
0-1: Ball
1-1: Swinging Strike
1-2: Ball
2-2: SINGLE (Line Drive, 34)
Batting: RHB Sergio Arboledo 0-0: Ball
1-0: Called Strike
1-1: Ball
2-1: Ball
3-1: Base on Balls
Charles Collins to second
Batting: RHB Ben Williams 0-0: Ball
1-0: Called Strike
1-1: Ball
2-1: Ball
3-1: Called Strike
3-2: Strikes out swinging
Batting: RHB Howard Brown 0-0: Called Strike
0-1: Called Strike
0-2: Ball
1-2: Ball
2-2: Strikes out swinging
Batting: RHB Pancho Rodríguez 0-0: Called Strike
0-1: Fly out, F6 (Line Drive, 6MD)
Top of the 4th over - 0 run(s), 1 hit(s), 0 error(s), 2 left on base; Oceanside HS 0 - Brookline HS 13
BOTTOM OF THE 4TH
Brookline HS Warriors batting - Pitching for Oceanside HS Pirates : RHP John Belcher
Batting: RHB Travis Kramer 0-0: Ball
1-0: Foul Ball, location: 2F
1-1: Ball
2-1: Foul Ball, location: 2F
2-2: Ball
3-2: Base on Balls
Batting: RHB Raúl Rivera 0-0: Called Strike
0-1: Swinging Strike
0-2: Strikes out swinging
Travis Kramer is caught stealing 2nd base
Batter strikes out.
Batting: RHB John Warren 0-0: SINGLE (Groundball, 34) (infield hit)
Batting: RHB León Colón 0-0: Ball
1-0: Foul Ball, location: 2F
1-1: Ground out 5-3 (Groundball, 5S)
Bottom of the 4th over - 0 run(s), 1 hit(s), 0 error(s), 1 left on base; Oceanside HS 0 - Brookline HS 13
TOP OF THE 5TH
Oceanside HS Pirates batting - Pitching for Brookline HS Warriors : RHP Will Madden
Pitching: RHP Patrick Henry
Batting: LHB Dylan Savill 0-0: Called Strike
0-1: Ball
1-1: Ball
2-1: Fly out, F8 (Flyball, 8RM)
Batting: LHB Ron Young 0-0: Ball
1-0: Foul Ball, location: 2F
1-1: Called Strike
1-2: Foul Ball, location: 2F
1-2: Ball
2-2: Strikes out swinging
Batting: LHB Otis Campbell 0-0: Called Strike
0-1: Ball
1-1: Ball
2-1: Swinging Strike
2-2: SINGLE (Groundball, 4) (infield hit)
Batting: RHB Heath Jones 0-0: Called Strike
0-1: Ball
1-1: Ball
2-1: Foul Ball, location: 2F
2-2: Ball
3-2: Strikes out swinging
Top of the 5th over - 0 run(s), 1 hit(s), 0 error(s), 1 left on base; Oceanside HS 0 - Brookline HS 13
BOTTOM OF THE 5TH
Brookline HS Warriors batting - Pitching for Oceanside HS Pirates : RHP John Belcher
Batting: RHB Ed Vega 0-0: Swinging Strike
0-1: Ball
1-1: Foul Ball, location: 2F
1-2: Fly out, F8 (Flyball, 8LD)
Batting: LHB Lou Robinson 0-0: Called Strike
0-1: Ball
1-1: Swinging Strike
1-2: Strikes out swinging
Batting: RHB Cole Gray 0-0: Fly out, F8 (Flyball, 8RD)
Bottom of the 5th over - 0 run(s), 0 hit(s), 0 error(s), 0 left on base; Oceanside HS 0 - Brookline HS 13
TOP OF THE 6TH
Oceanside HS Pirates batting - Pitching for Brookline HS Warriors : RHP Patrick Henry
Batting: RHB Charles Collins 0-0: Ball
1-0: Ball
2-0: Called Strike
2-1: Swinging Strike
2-2: Foul Ball, location: 2F
2-2: Fly out, F8 (Flyball, 8LM)
Batting: RHB Sergio Arboledo 0-0: Called Strike
0-1: Swinging Strike
0-2: Ball
1-2: Ball
2-2: Strikes out looking
Batting: RHB Ben Williams 0-0: Called Strike
0-1: Ground out 4-3 (Groundball, 4S)
Top of the 6th over - 0 run(s), 0 hit(s), 0 error(s), 0 left on base; Oceanside HS 0 - Brookline HS 13
BOTTOM OF THE 6TH
Brookline HS Warriors batting - Pitching for Oceanside HS Pirates : RHP John Belcher
Batting: LHB Bailey Mrazek 0-0: Ball
1-0: Called Strike
1-1: Ball
2-1: Ball
3-1: Base on Balls
Pinch Hitting: LHB Jonathan Martin 0-0: Called Strike
0-1: Foul Ball, location: 2F
0-2: Ball
1-2: Ball
2-2: Strikes out swinging
Batting: RHB Travis Kramer 0-0: Fly out, F7 (Flyball, 7)
Batting: RHB Raúl Rivera 0-0: Ball
1-0: Ground out U3 (Groundball, 3L)
Bottom of the 6th over - 0 run(s), 0 hit(s), 0 error(s), 1 left on base; Oceanside HS 0 - Brookline HS 13
TOP OF THE 7TH
Oceanside HS Pirates batting - Pitching for Brookline HS Warriors : RHP Patrick Henry
Now in CF: Jonathan Martin
Batting: RHB Howard Brown 0-0: Ball
1-0: Called Strike
1-1: SINGLE (Line Drive, 4MD)
Batting: RHB Pancho Rodríguez 0-0: Ball
1-0: Foul Ball, location: 2F
1-1: Foul Ball, location: 2F
1-2: Foul Ball, location: 2F
1-2: Ground out 5-3 (Groundball, 5S)
Howard Brown to second
Batting: LHB Dylan Savill 0-0: Ball
1-0: Swinging Strike
1-1: Ball
2-1: Ball
3-1: Ground out 4-3 (Groundball, 34)
Howard Brown to third
Batting: LHB Ron Young 0-0: Ball
1-0: Swinging Strike
1-1: SINGLE (Groundball, 34) (infield hit)
Howard Brown scores
Batting: LHB Otis Campbell 0-0: Ball
Ron Young steals 2nd base
1-0: Ball
2-0: Ball
3-0: Base on Balls
Batting: RHB Heath Jones 0-0: Swinging Strike
0-1: Ball
1-1: Swinging Strike
1-2: Ball
2-2: Ball
3-2: Base on Balls
Ron Young to third
Otis Campbell to second
Batting: RHB Charles Collins 0-0: DOUBLE (Line Drive, 7LM)
Ron Young scores
Otis Campbell scores
Heath Jones to third
Pitching: RHP Francisco Moreno
Batting: RHB Sergio Arboledo 0-0: Ball
1-0: Foul Ball, location: 2F
1-1: Ball
2-1: Ball
3-1: Foul Ball, location: 2F
3-2: Fly out, F4 (Popup, 34D)
Top of the 7th over - 3 run(s), 3 hit(s), 0 error(s), 2 left on base; Oceanside HS 3 - Brookline HS 13
BOTTOM OF THE 7TH
Brookline HS Warriors batting - Pitching for Oceanside HS Pirates : RHP John Belcher
Batting: RHB John Warren 0-0: Called Strike
0-1: Foul Ball, location: 2F
0-2: Foul Ball, location: 2F
0-2: Foul Ball, location: 2F
0-2: Ball
1-2: Strikes out swinging
Pitching: LHP Valentín García
Batting: RHB León Colón 0-0: Called Strike
0-1: Ball
1-1: Swinging Strike
1-2: Strikes out swinging
Batting: RHB Ed Vega 0-0: Called Strike
0-1: Fly out, F8 (Flyball, 89S)
Bottom of the 7th over - 0 run(s), 0 hit(s), 0 error(s), 0 left on base; Oceanside HS 3 - Brookline HS 13
TOP OF THE 8TH
Oceanside HS Pirates batting - Pitching for Brookline HS Warriors : RHP Francisco Moreno
Batting: RHB Ben Williams 0-0: Ball
1-0: Ball
2-0: Ball
3-0: Called Strike
3-1: Base on Balls
Batting: RHB Howard Brown 0-0: Ball
1-0: Called Strike
1-1: Foul Ball, location: 2F
1-2: SINGLE (Line Drive, 56)
Ben Williams to second
Batting: RHB Pancho Rodríguez 0-0: Called Strike
0-1: SINGLE (Line Drive, 3)
Ben Williams to third
Howard Brown to second
Batting: LHB Dylan Savill 0-0: Ball
1-0: Called Strike
1-1: Ball
2-1: DOUBLE (Line Drive, 78M)
Ben Williams scores
Howard Brown scores
Pancho Rodríguez to third
Batting: LHB Ron Young 0-0: Called Strike
0-1: Ball
1-1: 3-RUN HOME RUN (Flyball, 9LD), Distance : 361 ft
Pitching: RHP Danny McCabe
Batting: LHB Otis Campbell 0-0: Called Strike
0-1: Ball
1-1: Ball
2-1: Ball
3-1: Called Strike
3-2: Ground out 6-3 (Groundball, 6)
Batting: RHB Heath Jones 0-0: Ball
1-0: Called Strike
1-1: Foul Ball, location: 2F
1-2: Ball
2-2: DOUBLE (Line Drive, 78D)
Batting: RHB Charles Collins 0-0: Ball
1-0: Called Strike
1-1: Foul Ball, location: 2F
1-2: SINGLE (Groundball, 34D)
Heath Jones to third
Batting: RHB Sergio Arboledo 0-0: Called Strike
0-1: Swinging Strike
0-2: Strikes out swinging
Batting: RHB Ben Williams 0-0: Fly out, F9 (Flyball, 9LSF)
Top of the 8th over - 5 run(s), 6 hit(s), 0 error(s), 2 left on base; Oceanside HS 8 - Brookline HS 13
BOTTOM OF THE 8TH
Brookline HS Warriors batting - Pitching for Oceanside HS Pirates : LHP Valentín García
Batting: LHB Lou Robinson 0-0: Called Strike
0-1: Foul Ball, location: 2F
0-2: Foul Ball, location: 2F
0-2: Ball
1-2: Ball
2-2: Foul Ball, location: 2F
2-2: Ball
3-2: Foul Ball, location: 2F
3-2: Foul Ball, location: 2F
3-2: Foul Ball, location: 2F
3-2: Fly out, F4 (Popup, 4D)
Batting: RHB Cole Gray 0-0: SINGLE (Groundball, 34D)
Batting: LHB Bailey Mrazek 0-0: Fly out, F3 (Popup, 3L)
Batting: LHB Jonathan Martin 0-0: Called Strike
0-1: Ball
1-1: Fly out, F7 (Flyball, 7LMF)
Bottom of the 8th over - 0 run(s), 1 hit(s), 0 error(s), 1 left on base; Oceanside HS 8 - Brookline HS 13
TOP OF THE 9TH
Oceanside HS Pirates batting - Pitching for Brookline HS Warriors : RHP Danny McCabe
Batting: RHB Howard Brown 0-0: Called Strike
0-1: Ball
1-1: Foul Ball, location: 2F
1-2: Foul Ball, location: 2F
1-2: Foul Ball, location: 2F
1-2: Foul Ball, location: 2F
1-2: Ball
2-2: Reached on error, E8 (Line Drive, 8LM)
Batting: RHB Pancho Rodríguez 0-0: Ball
1-0: Ball
2-0: Ball
3-0: Base on Balls
Batting: LHB Dylan Savill 0-0: Ball
1-0: Called Strike
1-1: Called Strike
1-2: Foul Ball, location: 2F
1-2: Reached on error, E3 (Groundball, 34)
Howard Brown to third
Pancho Rodríguez to second
Pitching: RHP Malcolm Anderson
Batting: LHB Ron Young 0-0: Called Strike
0-1: Foul Ball, location: 2F
0-2: Ball
1-2: Foul Ball, location: 2F
1-2: Foul Ball, location: 2F
1-2: Ball
2-2: Ball
3-2: SINGLE (Groundball, 56D)
Howard Brown scores
Pancho Rodríguez to third
Dylan Savill to second
Runner from 3rd tries for Home, throw and OUT!
Dylan Savill to third
Ron Young to second
Batting: LHB Otis Campbell 0-0: Ball
1-0: Ball
2-0: Ball
3-0: Base on Balls
Batting: RHB Heath Jones 0-0: Ball
1-0: Ball
2-0: Called Strike
2-1: Fly out, F9 (Flyball, 9S)
Batting: RHB Charles Collins 0-0: Ball
1-0: Ball
2-0: Ball
Wild Pitch!
Dylan Savill scores
Ron Young to third
Otis Campbell to second
3-0: Called Strike
3-1: Called Strike
3-2: Ground out 6-3 (Groundball, 6)
Top of the 9th over - 2 run(s), 1 hit(s), 2 error(s), 2 left on base; Oceanside HS 10 - Brookline HS 13
Tuesday, August 8th, 2017 - OOTP Baseball 17.12 Build 75